 Dungeon Crawl Stone Soup version 0.27-a0-1188-g73eefd5def (webtiles) character file.

Game seed: 502863029738520592

97 Froggeryz the Chopper (level 4, 0/28 HPs)
             Began as a Tengu Berserker on May 21, 2021.
             Was a Believer of Trog.
             Slain by a goblin
             ... wielding a +0 dagger
             ... led by Robin
              (2 damage)
             ... on level 3 of the Dungeon.
             The game lasted 00:01:54 (2417 turns).

Froggeryz the Chopper (Tengu Berserker)             Turns: 2417, Time: 00:01:55

Health: 0/28       AC:  2    Str: 18    XL:     4   Next: 68%
Magic:  5/5        EV: 12    Int:  7    God:    Trog [**....]
Gold:   41         SH:  0    Dex: 14    Spells: 3/3 levels left

rFire    . . .     SeeInvis .   a - +0 hand axe
rCold    . . .     Faith    .   (no shield)
rNeg     . . .     Spirit   .   b - +0 animal skin
rPois    .         Reflect  .   (helmet restricted)
rElec    .         Harm     .   (no cloak)
rCorr    .         Rampage  .   (no gloves)
Will     .....                  (boots unavailable)
Stlth    +.........             (no amulet)
HPRegen  0.09/turn              d - ring of flight
MPRegen  0.09/turn              (no ring)

@: on berserk cooldown, flying, slowed, very slow
A: beak, talons 3
a: Renounce Religion, Berserk, Trog's Hand


You were on level 3 of the Dungeon.
You worshipped Trog.
Trog was pleased with you.
You visited 1 branch of the dungeon, and saw 3 of its levels.

You collected 41 gold pieces.

Inventory:

Hand Weapons
 a - a +0 hand axe (weapon)
Armour
 b - a +0 animal skin (worn)
Jewellery
 d - a ring of flight (left hand)
Scrolls
 e - a scroll of blinking {unknown}
 f - a scroll of amnesia {unknown}
 h - a scroll of enchant armour {unknown}
 i - a scroll of teleportation {unknown}
Potions
 c - a potion of mutation {unknown}
 g - a potion of heal wounds {unknown}
 j - a potion of curing {unknown}


   Skills:
 + Level 3.4 Fighting
 * Level 5.5 Axes
 - Level 2.1 Armour
 - Level 2.1 Dodging


You had 3 spell levels left.
You didn't know any spells.
Your spell library was empty.

Dungeon Overview and Level Annotations

Branches:
Dungeon (3/15)

Altars:
Xom

Shops:
D:1 [   D:2 =


Innate Abilities, Weirdness & Mutations

You have a beak for a mouth.
You have claws for feet.


Message History

You slash the hobgoblin!
You kill the hobgoblin!
Trog accepts your kill. 2 goblins come into view.
The goblin shouts!
A rat comes into view.
The hobgoblin hits you.
* * * LOW HITPOINT WARNING * * *
You slash the hobgoblin!
You kill the hobgoblin!
Trog accepts your kill. The goblin barely misses you.
You closely miss the goblin. Your kick misses the goblin.
The goblin hits you with a +0 dagger.
* * * LOW HITPOINT WARNING * * *
You slash the goblin!
You kill the goblin!
Trog accepts your kill.
You slash the goblin!
You kill the goblin!
Trog accepts your kill.
A goblin comes into view. It is wielding a +0 dagger.
The goblin hits you but does no damage.
Items here: )) ††.
You slash the goblin!
You kill the goblin!
Trog accepts your kill.
You closely miss the rat. The rat bites you.
* * * LOW HITPOINT WARNING * * *
You are no longer berserk.
You are exhausted.
You feel yourself slow down. The rat bites you.
* * * LOW HITPOINT WARNING * * *
Things that are here:
a +0 dagger; a goblin corpse You barely miss the rat.
You claw the rat.
You kill the rat!
Trog accepts your kill.
You closely miss the goblin. The goblin hits you with a +0 dagger.
You die...

### ### #.. ..#
#.# #.#
#.#####.#
#@)...#.#
#...g.###.#.###
#.>##.# #.).).#
....
#.###...#.# ...
#.....###.# #.
####### #.# #
#.# #.# #.#


You could see a goblin.

Vanquished Creatures
  Robin (D:3)
  2 adders (D:2)
  A worm (D:2)
  A dart slug (D:1)
  5 orcs (D:3)
  6 ball pythons
  6 endoplasms
  9 goblins
  6 hobgoblins
  3 jackals (D:2)
  A quokka (D:1)
  A bat (D:1)
  3 frilled lizards
  3 kobolds
  5 rats
53 creatures vanquished.

Notes
Turn   | Place    | Note
-------+----------+-------------------------------------------
     0 | D:1      | Froggeryz the Tengu Berserker began the quest for the Orb.
     0 | D:1      | Reached XP level 1. HP: 14/14 MP: 2/2
    11 | D:1      | Found Joalual's Armour Emporium.
   189 | D:1      | Reached XP level 2. HP: 19/19 MP: 3/3
   217 | D:1      | Reached skill level 4 in Axes
   731 | D:2      | Found Ryukintaco's Jewellery Emporium.
   762 | D:2      | Reached XP level 3. HP: 13/23 MP: 4/4
  1225 | D:2      | Found a shimmering altar of Xom.
  1349 | D:2      | Found a faded altar of an unknown god.
  1367 | D:2      | Reached skill level 5 in Axes
  1671 | D:2      | Reached XP level 4. HP: 28/28 MP: 5/5
  2356 | D:3      | Reached ** piety under Trog
  2387 | D:3      | Noticed Robin
  2404 | D:3      | Killed Robin
  2417 | D:3      | Slain by a goblin

Illustrated notes

Levels and vault maps discovered:
D:1:      saegor_arrival_simple_a, layout_rooms, serial_shops, shop
D:2:      layout_basic, hellmonk_ecumenical_altar_arch_garden, basic_altar,
          serial_shops, shop
D:3:      layout_loops_corners, vehumet_crystals, general_overflow_altar,
          uniq_terence, uniq_robin

Skill      XL: |  1  2  3 |
---------------+----------+-----
Axes           | 4 5 |  5.5
Fighting       | |  3.4
Armour         | |  2.1
Dodging        | |  2.1

Action                   |  1- 3 |  4- 6 || total
-------------------------+-------+-------++-------
Melee: Hand axe          |    68 |    39 ||   107
       Peck              |    10 |     3 ||    13
       Kick              |    12 |     5 ||    17
Invok: Berserk           |       |     1 ||     1
Armor: Animal skin       |     9 |     4 ||    13
Dodge: Dodged            |    44 |     9 ||    53

Table legend: (Time is in decaauts)
 A = Elapsed time spent in this place.
 B = Non-inter-level travel time spent in this place.
 C = Inter-level travel time spent in this place.
 D = Time resting spent in this place.
 E = Time spent auto-exploring this place.
 F = Levels seen in this place.
 G = Mean time per level.
                   A        B        C        D        E       F      G
               +--------+--------+--------+--------+--------+-----+--------+
         Total |   2417 |   2381 |     36 |    134 |   2003 |   3 |  805.7 |
       Dungeon |   2417 |   2381 |     36 |    134 |   2003 |   3 |  805.7 |
               +--------+--------+--------+--------+--------+-----+--------+

Top non-repeatable levels by time:
     D:2: 1511 daAuts
     D:1: 728 daAuts
     D:3: 178 daAuts
